 Dungeon Crawl Stone Soup version 0.29-a0-322-g68df515428 (webtiles) character file.

Game seed: 15013753442346418489

4799 sanka the Nimble (level 10, -4/82 HPs)
             Began as a Gnoll Monk on Apr 7, 2022.
             Was a Believer of Ru.
             Slain by a red devil
             ... wielding a +0 demon trident
             ... summoned by a kobold demonologist
              (13 damage)
             ... on level 9 of the Dungeon.
             The game lasted 00:16:44 (9864 turns).

sanka the Nimble (Gnoll Monk)                       Turns: 9864, Time: 00:16:45

Health: -4/82      AC: 11    Str: 20    XL:     10   Next: 48%
Magic:  17/17      EV: 18    Int:  9    God:    Ru [**....]
Gold:   424        SH:  0    Dex: 22    Spells: 14/19 levels left

rFire   . . .      SeeInvis .   L - +0 dire flail
rCold   . . .      Faith    +   (shield currently unavailable)
rNeg    . . .      Spirit   .   D - +3 leather armour
rPois   .          Reflect  .   (no helmet)
rElec   .          Harm     .   (no cloak)
rCorr   .          Rampage  .   a - +0 pair of gloves
Will    .....                   R - +2 pair of boots
Stlth   ..........              J - amulet of faith
HPRegen 0.23/turn               B - +6 ring of strength
MPRegen 0.15/turn               e - +6 ring of dexterity

@: spiked
A: fangs 1, no stealth, no conjurations magic, no earth magic, no transmutations
magic, strong nose, distributed training
a: Renounce Religion


You were on level 9 of the Dungeon.
You worshipped Ru.
Ru was pleased with you.
You visited 2 branches of the dungeon, and saw 10 of its levels.

You collected 424 gold pieces.


Innate Abilities, Weirdness & Mutations

You have very sharp teeth.
You cannot be stealthy.
You cannot study or cast Conjurations magic.
You cannot study or cast Earth magic.
You cannot study or cast Transmutations magic.
Your uncanny sense of smell can sniff out nearby items.
Your experience applies equally to all skills.


   Skills:
 + Level 8.5 Fighting
 + Level 5.3 Short Blades
 + Level 5.3 Long Blades
 + Level 8.5 Axes
 + Level 5.3 Maces & Flails
 + Level 5.3 Polearms
 + Level 5.3 Staves
 + Level 5.3 Slings
 + Level 5.3 Bows
 + Level 5.3 Crossbows
 + Level 5.3 Throwing
 + Level 5.3 Armour
 + Level 8.5 Dodging
   Level 0.0 Stealth
 + Level 5.3 Shields
 + Level 5.3 Unarmed Combat
 + Level 5.3 Spellcasting
   Level 0.0 Conjurations
 + Level 4.4 Hexes
 + Level 4.4 Summonings
 + Level 4.4 Necromancy
 + Level 4.4 Translocations
   Level 0.0 Transmutations
 + Level 4.4 Fire Magic
 + Level 4.4 Ice Magic
 + Level 4.4 Air Magic
   Level 0.0 Earth Magic
 + Level 4.4 Poison Magic
 + Level 5.8 Invocations
 + Level 5.3 Evocations


You had 14 spell levels left.
You knew the following spells:

 Your Spells              Type           Power      Damage    Failure   Level
s - Swiftness             Air            10%        N/A       14%         3
N - Passwall              Tmut/Erth      1%         N/A       38%         2

Your spell library contained the following spells:

 Spells                   Type           Power      Damage    Failure   Level
 Ensorcelled Hibernation  Hex/Ice        20%        N/A       7%          2
 Call Canine Familiar     Summ           10%        N/A       14%         3
 Portal Projectile        Hex/Tloc       20%        N/A       14%         3
 Airstrike                Air            5%         N/A       41%         4
 Summon Lightning Spire   Summ/Air       10%        N/A       41%         4
 Dazzling Flash           Conj/Hex       Unusable   N/A       N/A         3
 Stone Arrow              Conj/Erth      Unusable   3d7       N/A         3
 Animate Armour           Summ/Erth      Unusable   N/A       N/A         4
 Iskenderun's Mystic Bla  Conj/Tloc      Unusable   2d4       N/A         4
 Leda's Liquefaction      Hex/Erth       Unusable   N/A       N/A         4
 Lightning Bolt           Conj/Air       Unusable   1d14      N/A         5
 Starburst                Conj/Fire      Unusable   6d3       N/A         6
 Lehudib's Crystal Spear  Conj/Erth      Unusable   10d2      N/A         8

Inventory:

Hand Weapons
 E - a +0 battleaxe
 F - a +0 war axe
 L - a +0 dire flail (weapon)
 N - a +1 whip of electrocution
 O - a +2 halberd of venom
Missiles
 t - 5 poisoned darts (quivered)
 I - 6 javelins
 M - 3 throwing nets {=f}
Armour
 a - a +0 pair of gloves (worn)
 f - +0 steam dragon scales
 u - a +0 kite shield
 D - a +3 leather armour (worn)
 R - a +2 pair of boots (worn)
Jewellery
 e - a +6 ring of dexterity (right hand)
 i - an amulet of regeneration
 y - a ring of protection from cold
 B - a +6 ring of strength (left hand)
 J - an amulet of faith (around neck)
Wands
 p - a wand of iceblast (5)
 q - a wand of charming (9)
 P - a wand of flame (25)
 S - a wand of polymorph (6)
Scrolls
 b - a scroll of silence {!r}
 d - 6 scrolls of teleportation {@r4}
 j - 2 scrolls of noise {!r}
 l - a scroll of amnesia
 m - 2 scrolls of fog
 o - a scroll of enchant weapon
 v - a scroll of enchant armour
 z - 2 scrolls of immolation {!r}
 C - 2 scrolls of brand weapon
 G - 2 scrolls of fear
 Q - a scroll of vulnerability {!r}
Potions
 c - a potion of ambrosia
 g - a potion of lignification {unknown}
 h - 3 potions of berserk rage {!q}
 k - 3 potions of mutation {unknown}
 n - 3 potions of heal wounds {@q2}
 r - 3 potions of brilliance
 s - 2 potions of might {unknown}
 w - 2 potions of flight {unknown}
 x - 4 potions of curing {@q1}
 A - 2 potions of haste {unknown}
 H - 2 potions of invisibility
 K - a potion of attraction {unknown}

Dungeon Overview and Level Annotations

Branches:
Dungeon (9/15)             Temple (1/1) D:5            Lair (0/6) D:8
    Orc: D:9-12

Altars:
Ashenzari
Cheibriados
Dithmenos
Elyvilon
Fedhas
Gozag
Hepliaklqana
Kikubaaqudgha
Makhleb
Nemelex Xobeh
Okawaru
Qazlal
Ru
Sif Muna
Trog
Uskayaw
Vehumet
Wu Jian
Xom
Yredelemnul
Zin
The Shining One

Shops:
D:1 [   D:4 *

Annotations:
D:5 3 runed translucent doors, Setanta's ghost, novice GnFi
D:6 2 runed translucent doors

....▒
▒▒▒.▒▒..▒.......▒▒▒
▒..▒▒▒▒▒▒.....▒.....▒.▒
▒....▒▒.▒.▒.........▒▒▒
.....▒.............▒▒
.............▒▒▒....▒
......▒........▒...▒▒
.....▒▒▒.▒▒..▒.4...▒▒▒
....▒▒▒▒▒▒▒..▒▒......▒
...▒▒▒▒.........gK▒..▒▒▒
......>....▒....4.......
....▒▒.▒..▒▒...▒..▒▒....
▒▒..▒▒ ▒..▒▒.▒▒▒...▒....
▒▒...▒ ▒..▒▒†.5.........
▒▒...▒▒▒..▒...5..▒..£...
▒.........▒....▒▒▒......
..........▒..†.▒ ...▒▒.
..........†....▒ .▒▒▒


You could see an ice devil (summoned), a kobold demonologist and a red devil
(summoned).


Message History

You miss the kobold demonologist.
The kobold demonologist is moderately wounded.
The kobold demonologist barely misses you.
The ice devil misses you.
The kobold demonologist hits you with a +0 dagger.
You closely miss the kobold demonologist.
The kobold demonologist is moderately wounded.
The ice devil hits you! The ice devil freezes you!
The kobold demonologist casts a spell.
You sock the kobold demonologist! You bite the kobold demonologist.
The kobold demonologist is severely wounded.
The ice devil hits you. The ice devil freezes you!!
* * * LOW HITPOINT WARNING * * *
The kobold demonologist barely misses you.
The red devil hits you from afar with a +0 demon trident!
* * * LOW HITPOINT WARNING * * *
Barbed spikes become lodged in your body.
Unknown command.
You barely miss the kobold demonologist.
The kobold demonologist is severely wounded.
The ice devil hits you!
* * * LOW HITPOINT WARNING * * *
The ice devil freezes you!
* * * LOW HITPOINT WARNING * * *
The kobold demonologist hits you but does no damage.
The red devil hits you from afar with a +0 demon trident!
You die...

Action                   |  1- 3 |  4- 6 |  7- 9 | 10-12 || total
-------------------------+-------+-------+-------+-------++-------
Melee: Hand axe          |    38 |   232 |   185 |       ||   455
       Bite              |     5 |    33 |    52 |    15 ||   105
       Punch             |     1 |     4 |    12 |       ||    17
       Battleaxe         |       |       |   247 |       ||   247
       Dire flail        |       |       |       |   102 ||   102
Throw: Dart              |       |     5 |    10 |       ||    15
Invok: Sacrifice Stealth |       |       |     1 |       ||     1
       Sacrifice Arcana  |       |       |     1 |       ||     1
Evoke: Wand              |       |       |     6 |       ||     6
  Use: Scroll            |       |       |       |    14 ||    14
 Stab: Sleeping          |     7 |     7 |     3 |       ||    17
       Distracted        |       |     1 |     1 |     2 ||     4
Armor: Robe              |     6 |    21 |    10 |       ||    37
       Leather armour    |       |       |    89 |    24 ||   113
Dodge: Dodged            |    32 |   200 |   410 |    86 ||   728

Levels and vault maps discovered:
D:1:      sevenhm_arrival_forest_fort_large_4, layout_loops_ring, serial_shops,
          shop
D:2:      layout_basic
D:3:      layout_basic, uniq_ijyb
D:4:      layout_basic, nicolae_shop_overcharged_wands
D:5:      layout_loops_corners, minmay_temple_entry_tees,
          gammafunk_ghost_necromancy, nicolae_figureground_sparkle
D:6:      due_chaos_kobolds, layout_gridville, lexackson_kobold_supper,
          uniq_blork_the_orc
D:7:      layout_loops_ring
D:8:      layout_gridville, lair_entry_dummy, kennysheep_generic_room_4
D:9:      layout_cave_pools, tgw_xom
Temple:   compressed_dpeg_triangle_lava_temple

Notes
Turn   | Place    | Note
-------+----------+-------------------------------------------
     0 | D:1      | sanka the Gnoll Monk began the quest for the Orb.
     0 | D:1      | Reached XP level 1. HP: 23/23 MP: 1/1
   100 | D:1      | Reached XP level 2. HP: 29/29 MP: 2/2
   182 | D:1      | Found Juaxef's Armour Shop.
   466 | D:1      | Reached XP level 3. HP: 35/35 MP: 3/3
  1033 | D:2      | Reached skill level 1 in Short Blades
  1033 | D:2      | Reached skill level 1 in Long Blades
  1033 | D:2      | Reached skill level 1 in Maces & Flails
  1033 | D:2      | Reached skill level 1 in Polearms
  1033 | D:2      | Reached skill level 1 in Staves
  1033 | D:2      | Reached skill level 1 in Slings
  1033 | D:2      | Reached skill level 1 in Bows
  1033 | D:2      | Reached skill level 1 in Crossbows
  1033 | D:2      | Reached skill level 1 in Throwing
  1033 | D:2      | Reached skill level 1 in Armour
  1033 | D:2      | Reached skill level 1 in Shields
  1033 | D:2      | Reached skill level 1 in Unarmed Combat
  1033 | D:2      | Reached skill level 1 in Spellcasting
  1033 | D:2      | Reached skill level 1 in Invocations
  1033 | D:2      | Reached skill level 1 in Evocations
  1033 | D:2      | Reached XP level 4. HP: 25/41 MP: 3/5
  1711 | D:3      | Noticed Ijyb
  1763 | D:3      | Killed Ijyb
  1764 | D:3      | Reached skill level 1 in Conjurations
  1764 | D:3      | Reached skill level 1 in Hexes
  1764 | D:3      | Reached skill level 1 in Summonings
  1764 | D:3      | Reached skill level 1 in Necromancy
  1764 | D:3      | Reached skill level 1 in Translocations
  1764 | D:3      | Reached skill level 1 in Transmutations
  1764 | D:3      | Reached skill level 1 in Fire Magic
  1764 | D:3      | Reached skill level 1 in Ice Magic
  1764 | D:3      | Reached skill level 1 in Air Magic
  1764 | D:3      | Reached skill level 1 in Earth Magic
  1764 | D:3      | Reached skill level 1 in Poison Magic
  1947 | D:3      | Reached XP level 5. HP: 39/47 MP: 6/6
  2665 | D:4      | Noticed an ogre
  2709 | D:4      | Killed an ogre
  2710 | D:4      | Reached skill level 2 in Invocations
  2710 | D:4      | Reached XP level 6. HP: 10/53 MP: 8/8
  2861 | D:4      | Reached skill level 2 in Short Blades
  2861 | D:4      | Reached skill level 2 in Long Blades
  2861 | D:4      | Reached skill level 2 in Maces & Flails
  2861 | D:4      | Reached skill level 2 in Polearms
  2861 | D:4      | Reached skill level 2 in Staves
  2861 | D:4      | Reached skill level 2 in Slings
  2861 | D:4      | Reached skill level 2 in Bows
  2861 | D:4      | Reached skill level 2 in Crossbows
  2861 | D:4      | Reached skill level 2 in Throwing
  2861 | D:4      | Reached skill level 2 in Armour
  2861 | D:4      | Reached skill level 2 in Shields
  2861 | D:4      | Reached skill level 2 in Unarmed Combat
  2861 | D:4      | Reached skill level 2 in Spellcasting
  2861 | D:4      | Reached skill level 2 in Evocations
  2875 | D:4      | Noticed an ice beast
  2898 | D:4      | Killed an ice beast
  2899 | D:4      | Reached XP level 7. HP: 40/59 MP: 10/10
  2963 | D:4      | Reached skill level 7 in Fighting
  2963 | D:4      | Reached skill level 7 in Axes
  2963 | D:4      | Reached skill level 7 in Dodging
  2979 | D:4      | Reached skill level 2 in Conjurations
  2979 | D:4      | Reached skill level 2 in Hexes
  2979 | D:4      | Reached skill level 2 in Summonings
  2979 | D:4      | Reached skill level 2 in Necromancy
  2979 | D:4      | Reached skill level 2 in Translocations
  2979 | D:4      | Reached skill level 2 in Transmutations
  2979 | D:4      | Reached skill level 2 in Fire Magic
  2979 | D:4      | Reached skill level 2 in Ice Magic
  2979 | D:4      | Reached skill level 2 in Air Magic
  2979 | D:4      | Reached skill level 2 in Earth Magic
  2979 | D:4      | Reached skill level 2 in Poison Magic
  3078 | D:4      | Reached skill level 5 in Stealth
  3176 | D:4      | Reached skill level 3 in Invocations
  3409 | D:4      | Reached XP level 8. HP: 46/67 MP: 12/12
  3432 | D:4      | Found Mimuuge's Overcharged Wands.
  3456 | D:4      | Reached skill level 3 in Short Blades
  3456 | D:4      | Reached skill level 3 in Long Blades
  3456 | D:4      | Reached skill level 3 in Maces & Flails
  3456 | D:4      | Reached skill level 3 in Polearms
  3456 | D:4      | Reached skill level 3 in Staves
  3456 | D:4      | Reached skill level 3 in Slings
  3456 | D:4      | Reached skill level 3 in Bows
  3456 | D:4      | Reached skill level 3 in Crossbows
  3456 | D:4      | Reached skill level 3 in Throwing
  3456 | D:4      | Reached skill level 3 in Armour
  3456 | D:4      | Reached skill level 3 in Shields
  3456 | D:4      | Reached skill level 3 in Unarmed Combat
  3456 | D:4      | Reached skill level 3 in Spellcasting
  3456 | D:4      | Reached skill level 3 in Evocations
  3672 | D:5      | Entered Level 5 of the Dungeon
  3758 | D:5      | Found a runed translucent gate.
  3758 | D:5      | Found a runed translucent gate.
  3758 | D:5      | Found a runed translucent gate.
  4030 | D:5      | Found a staircase to the Ecumenical Temple.
  4045 | Temple   | Entered the Ecumenical Temple
  4244 | Temple   | Became a worshipper of Ru the Awakened
  4262 | D:5      | Gained mutation: You cannot be stealthy. [Ru sacrifice]
  4262 | D:5      | Reduced skill Stealth to level 0
  4840 | D:5      | Reached skill level 4 in Invocations
  4855 | D:5      | Reached skill level 3 in Conjurations
  4855 | D:5      | Reached skill level 3 in Hexes
  4855 | D:5      | Reached skill level 3 in Summonings
  4855 | D:5      | Reached skill level 3 in Necromancy
  4855 | D:5      | Reached skill level 3 in Translocations
  4855 | D:5      | Reached skill level 3 in Transmutations
  4855 | D:5      | Reached skill level 3 in Fire Magic
  4855 | D:5      | Reached skill level 3 in Ice Magic
  4855 | D:5      | Reached skill level 3 in Air Magic
  4855 | D:5      | Reached skill level 3 in Earth Magic
  4855 | D:5      | Reached skill level 3 in Poison Magic
  5002 | D:5      | Noticed Setanta's ghost (novice GnFi)
  5434 | D:6      | Reached XP level 9. HP: 60/72 MP: 14/14
  5510 | D:6      | Identified the +8 dagger "Biruan" {chaos, *Rage rElec
                  | Int+6}
  5933 | D:6      | Noticed Blork the orc
  5948 | D:6      | Killed Blork the orc
  6138 | D:6      | Reached skill level 4 in Short Blades
  6138 | D:6      | Reached skill level 4 in Long Blades
  6138 | D:6      | Reached skill level 4 in Maces & Flails
  6138 | D:6      | Reached skill level 4 in Polearms
  6138 | D:6      | Reached skill level 4 in Staves
  6138 | D:6      | Reached skill level 4 in Slings
  6138 | D:6      | Reached skill level 4 in Bows
  6138 | D:6      | Reached skill level 4 in Crossbows
  6138 | D:6      | Reached skill level 4 in Throwing
  6138 | D:6      | Reached skill level 4 in Armour
  6138 | D:6      | Reached skill level 4 in Shields
  6138 | D:6      | Reached skill level 4 in Unarmed Combat
  6138 | D:6      | Reached skill level 4 in Spellcasting
  6138 | D:6      | Reached skill level 4 in Evocations
  6373 | D:6      | Found a large runed translucent door.
  6374 | D:6      | Found a large runed translucent door.
  6635 | D:6      | Found a shimmering altar of Xom.
  7382 | D:7      | Learned a level 2 spell: Passwall
  7386 | D:7      | Learned a level 3 spell: Swiftness
  7434 | D:7      | Reached skill level 8 in Fighting
  7434 | D:7      | Reached skill level 8 in Axes
  7434 | D:7      | Reached skill level 8 in Dodging
  7650 | D:7      | Gained mutation: You cannot study or cast Earth magic. [Ru
                  | sacrifice]
  7650 | D:7      | Gained mutation: You cannot study or cast Transmutations
                  | magic. [Ru sacrifice]
  7650 | D:7      | Gained mutation: You cannot study or cast Conjurations
                  | magic. [Ru sacrifice]
  7650 | D:7      | Reduced skill Earth Magic to level 0
  7650 | D:7      | Reduced skill Transmutations to level 0
  7650 | D:7      | Reduced skill Conjurations to level 0
  7650 | D:7      | Reached * piety under Ru
  7650 | D:7      | Reached ** piety under Ru
  7810 | D:7      | Reached skill level 5 in Invocations
  8211 | D:7      | Noticed a seven-headed hydra
  8219 | D:7      | Killed a seven-headed hydra
  8220 | D:7      | Reached skill level 5 in Short Blades
  8220 | D:7      | Reached skill level 5 in Long Blades
  8220 | D:7      | Reached skill level 5 in Maces & Flails
  8220 | D:7      | Reached skill level 5 in Polearms
  8220 | D:7      | Reached skill level 5 in Staves
  8220 | D:7      | Reached skill level 5 in Slings
  8220 | D:7      | Reached skill level 5 in Bows
  8220 | D:7      | Reached skill level 5 in Crossbows
  8220 | D:7      | Reached skill level 5 in Throwing
  8220 | D:7      | Reached skill level 5 in Armour
  8220 | D:7      | Reached skill level 5 in Shields
  8220 | D:7      | Reached skill level 5 in Unarmed Combat
  8220 | D:7      | Reached skill level 5 in Spellcasting
  8220 | D:7      | Reached skill level 4 in Hexes
  8220 | D:7      | Reached skill level 4 in Summonings
  8220 | D:7      | Reached skill level 4 in Necromancy
  8220 | D:7      | Reached skill level 4 in Translocations
  8220 | D:7      | Reached skill level 4 in Fire Magic
  8220 | D:7      | Reached skill level 4 in Ice Magic
  8220 | D:7      | Reached skill level 4 in Air Magic
  8220 | D:7      | Reached skill level 4 in Poison Magic
  8220 | D:7      | Reached skill level 5 in Evocations
  8220 | D:7      | Reached XP level 10. HP: 53/81 MP: 15/17
  8568 | D:8      | Found a staircase to the Lair.
  9192 | D:8      | Identified +0 steam dragon scales
  9782 | D:9      | Noticed a kobold demonologist
  9864 | D:9      | Slain by a red devil

Vanquished Creatures
  A hydra (D:7)
  A shadow (D:9)
  A wyvern (D:8)
  2 steam dragons
  An acid dragon (D:9)
  2 water moccasins
  An orc warrior (D:6)
  2 black bears
  2 sky beasts (D:7)
  3 ice beasts
  3 ogres
  A centaur (D:5)
  4 phantoms
  Blork the orc (D:6)
  A kobold brigand (D:6)
  6 bullfrogs
  2 scorpions
  2 necrophages
  3 howler monkeys (D:9)
  3 jellies
  4 hounds
  2 gnoll shamans
  3 orc priests
  Ijyb (D:3)
  7 iguanas
  6 orc wizards
  27 gnolls
  5 adders
  A white imp (D:8)
  2 ufetubi
  A dart slug (D:1)
  30 orcs
  11 bats
  5 endoplasms
  3 giant cockroaches
  3 goblins
  4 hobgoblins
  3 jackals (D:1)
  2 quokkas
  A ball python (D:2)
  3 frilled lizards
  6 kobolds
  3 rats
175 creatures vanquished.

Vanquished Creatures (others)
  9 plants (D:6)
9 creatures vanquished.

Grand Total: 184 creatures vanquished
